AoeStats
← Tavik

Nomad

503707291Analyzed
2v2 RM · 1mo ago on Sep 1, 2026· 42m 43s· 4 players
Game mode
Random Map
Map size
176×176
Population
200
Speed
Normal
Resources
Standard
Victory
Conquest
Starting age
Dark Age
Ending age
Imperial Age
RankedLock teamsTeams togetherTeam positionsShared explorationLock speedFull tech treeHidden civsTurbo modeCheats
Victory
Defeat
🇧🇷 Dravidians · Brazil
1375
+14
🇧🇷 Persians · Brazil
1370
+14
🇨🇿 Japanese · Czechia
1356
-15
🇨🇿 Persians · Czechia
1311
-13
Melioth
5:33 Loom
13:08 Feudal Age
16:31 Forging
16:27 Scale Barding Armor
21:52 Castle Age
19:45 Horse Collar
21:09 Bloodlines
22:55 Chain Barding Armor
27:38 Double-Bit Axe
30:04 Husbandry
32:34 Iron Casting
35:13 Fishing Lines
35:57 Bow Saw
35:39 Fletching
35:49 Padded Archer Armor
36:16 Gold Mining
36:16 Stone Mining
37:35 Wheelbarrow
39:05 Bodkin Arrow
39:50 Light Cavalry
42:05 Wheelbarrow
Tavik
5:34 Loom
14:36 Feudal Age
19:52 Double-Bit Axe
22:30 Castle Age
21:07 Fletching
24:02 Wheelbarrow
25:50 Pikeman
26:31 Squires
29:19 Town Watch
31:50 Bodkin Arrow
35:35 Padded Archer Armor
35:46 Elite Skirmisher
36:31 Thumb Ring
36:58 Ballistics
43:35 Imperial Age
42:47 Horse Collar
Borborema
3:08 Loom
13:21 Feudal Age
14:21 Double-Bit Axe
15:24 Gold Mining
25:48 Castle Age
25:25 Padded Archer Armor
25:16 Fletching
29:41 Leather Archer Armor
30:42 Wheelbarrow
30:35 Thumb Ring
37:50 Fishing Lines
38:40 Bodkin Arrow
41:34 Parthian Tactics
45:50 Imperial Age
Bill
6:01 Loom
13:31 Feudal Age
17:40 Castle Age
15:33 Double-Bit Axe
15:52 Fishing Lines
17:07 Fletching
18:22 Bodkin Arrow
20:03 Ballistics
25:05 Scale Barding Armor
24:58 Pikeman
25:38 Squires
25:58 Padded Archer Armor
30:50 Medium Warships
31:11 Bow Saw
31:00 Gambesons
31:17 Scale Mail Armor
34:42 Forging
35:03 Clinker Construction
34:37 Horse Collar
36:20 Wheelbarrow
35:30 Town Watch
36:14 Arson
39:23 Imperial Age
36:48 Gold Mining
37:14 Heavy Plow
38:54 Hand Cart
38:24 Town Watch
39:00 Chain Mail Armor
39:20 Iron Casting
39:57 Iron Casting
40:17 Bracer
41:24 Plate Mail Armor
42:05 Blast Furnace
41:31 Gillnets
42:12 Elite Urumi Swordsman
43:42 Wootz Steel
Connection lost

Rejoining the realm…

Still unreachable

The connection could not be restored.

Session expired

The server has moved on; the page needs a fresh start.